| TOP OF THE 1ST |
|
Miami Marlins batting - Pitching for Toronto Blue Jays : RHP Larry Legros
|
|
Pitching: RHP Larry Legros
|
|
|
Batting: RHB Jeff Garofalo
|
0-0: Ball 1-0: Ball 2-0: Called Strike 2-1: Called Strike 2-2: Ground out 6-3 (Groundball, 6, EV 80.6 MPH)
|
|
Batting: RHB Micah Christopher
|
0-0: Ball 1-0: Foul Ball, location: 2F 1-1: Ball 2-1: Swinging Strike 2-2: Fly out, F7 (Flyball, 7S, EV 76.9 MPH)
|
|
Batting: LHB Andre Gorter
|
0-0: Called Strike 0-1: Ball 1-1: SINGLE (Groundball, 13S, EV 73.1 MPH) (infield hit)
|
|
Batting: RHB Jimmy Groseclose
|
0-0: Ball 1-0: Ball 2-0: SINGLE (Line Drive, 9LS, EV 96.2 MPH) Andre Gorter to second Runner from 2nd tries for 3rd, SAFE, throw by RF made to third
|
|
Batting: RHB Roger Salazar
|
0-0: Fly out, F9 (Line Drive, 9D, EV 104.4 MPH)
|
| Top of the 1st over - 0 runs, 2 hits, 0 errors, 2 left on base; Miami 0 - Toronto 0 |
| BOTTOM OF THE 1ST |
|
Toronto Blue Jays batting - Pitching for Miami Marlins : LHP Mark Palomo
|
|
Pitching: LHP Mark Palomo
|
|
|
Batting: LHB Jon Schick
|
0-0: Called Strike 0-1: Ball 1-1: Foul Ball, location: 2F 1-2: Ball 2-2: SINGLE (Groundball, 13S, EV 67.5 MPH) (infield hit)
|
|
Batting: LHB Gabe White
|
0-0: Ball 1-0: Called Strike 1-1: Ball 2-1: Called Strike 2-2: Foul Ball, location: 2F 2-2: Foul Ball, location: 2F 2-2: SINGLE (Groundball, 34D, EV 105.0 MPH) Jon Schick to second Runner from 2nd tries for 3rd, SAFE, throw by RF made at trailing runner, OUT! 9-6
|
|
Batting: RHB Kirk Arp
|
0-0: Called Strike 0-1: Ball 1-1: Ball 2-1: Ball 3-1: Base on Balls
|
|
Batting: RHB Ruben Velasco
|
0-0: Called Strike 0-1: Ball 1-1: Ball 2-1: Swinging Strike 2-2: Foul Ball, location: 2F 2-2: Foul Ball, location: 2F 2-2: Fielders Choice at 2nd, 1-6 (Groundball, 13S, EV 72.5 MPH)
|
|
Batting: RHB Shigem Kubo
|
0-0: Ball 1-0: TRIPLE (Flyball, 9D, EV 89.4 MPH) Jon Schick scores Ruben Velasco scores
|
|
Batting: LHB Yoshinari Nara
|
0-0: Ball 1-0: Called Strike 1-1: Foul Ball, location: 2F 1-2: Ball 2-2: Foul Ball, location: 2F 2-2: Foul Ball, location: 2F 2-2: Foul Ball, location: 2F 2-2: Ball 3-2: Foul Ball, location: 2F 3-2: Foul Ball, location: 2F 3-2: Foul Ball, location: 2F 3-2: DOUBLE (Flyball, 8LXD, EV 93.8 MPH) Shigem Kubo scores
|
|
Pitching: RHP Jonah Syndergaard
|
|
|
Batting: RHB Cole Zelinski
|
0-0: Ball 1-0: Ball 2-0: Foul Ball, location: 2F 2-1: Fly out, F4 (Popup, 4, EV 65.6 MPH)
|
| Bottom of the 1st over - 3 runs, 4 hits, 0 errors, 1 left on base; Miami 0 - Toronto 3 |
| TOP OF THE 2ND |
|
Miami Marlins batting - Pitching for Toronto Blue Jays : RHP Larry Legros
|
|
Batting: RHB Justin Huff
|
0-0: Swinging Strike 0-1: Ball 1-1: Foul Ball, location: 2F 1-2: Ball 2-2: Strikes out swinging
|
|
Batting: RHB Seth Tramontano
|
0-0: Ball 1-0: Fly out, F8 (Flyball, 8LS, EV 80.0 MPH)
|
|
Batting: RHB Tommy Hughes
|
0-0: Called Strike 0-1: Ball 1-1: Swinging Strike 1-2: Foul Ball, location: 2F 1-2: Fly out, F8 (Flyball, 8RD, EV 93.1 MPH)
|
| Top of the 2nd over - 0 runs, 0 hits, 0 errors, 0 left on base; Miami 0 - Toronto 3 |
| BOTTOM OF THE 2ND |
|
Toronto Blue Jays batting - Pitching for Miami Marlins : RHP Jonah Syndergaard
|
|
Batting: RHB Tommy Mize
|
0-0: Foul Ball, location: 2F 0-1: Called Strike 0-2: Ball 1-2: Fly out, F9 (Flyball, 89S, EV 81.2 MPH)
|
|
Batting: RHB Jerry Jauregui
|
0-0: Ball 1-0: Foul Ball, location: 2F 1-1: Ball 2-1: Fly out, F9 (Line Drive, 9, EV 93.8 MPH)
|
|
Batting: LHB Jon Schick
|
0-0: Foul Ball, location: 2F 0-1: Ball 1-1: Called Strike 1-2: Ball 2-2: Ball 3-2: Strikes out swinging
|
| Bottom of the 2nd over - 0 runs, 0 hits, 0 errors, 0 left on base; Miami 0 - Toronto 3 |
| TOP OF THE 3RD |
|
Miami Marlins batting - Pitching for Toronto Blue Jays : RHP Larry Legros
|
|
Batting: RHB Eric Jordan
|
0-0: Ball 1-0: Ground out 6-3 (Groundball, 6, EV 100.6 MPH)
|
|
Batting: RHB Jeff Garofalo
|
0-0: Foul Ball, location: 2F 0-1: Ball 1-1: Ball 2-1: Fly out, F6 (Flyball, 56D, EV 79.4 MPH)
|
|
Batting: RHB Micah Christopher
|
0-0: Foul Ball, location: 2F 0-1: DOUBLE (Line Drive, 5D, EV 103.1 MPH)
|
|
Batting: LHB Andre Gorter
|
0-0: Called Strike 0-1: Foul Ball, location: 2F 0-2: Ball 1-2: Ground out U3 (Groundball, 34S, EV 84.4 MPH)
|
| Top of the 3rd over - 0 runs, 1 hit, 0 errors, 1 left on base; Miami 0 - Toronto 3 |
| BOTTOM OF THE 3RD |
|
Toronto Blue Jays batting - Pitching for Miami Marlins : RHP Jonah Syndergaard
|
|
Batting: LHB Gabe White
|
0-0: Called Strike 0-1: Called Strike 0-2: SOLO HOME RUN (Flyball, 9D, EV 95.6 MPH), Distance : 366 ft
|
|
Batting: RHB Kirk Arp
|
0-0: Ball 1-0: Foul Ball, location: 2F 1-1: Ground out 6-3 (Groundball, 56, EV 103.1 MPH)
|
|
Batting: RHB Ruben Velasco
|
0-0: Ball 1-0: Ground out 4-3 (Groundball, 4, EV 92.5 MPH)
|
|
Batting: RHB Shigem Kubo
|
0-0: Foul Ball, location: 2F 0-1: Ball 1-1: SINGLE (Groundball, 23, EV 63.1 MPH) (infield hit)
|
|
Batting: LHB Yoshinari Nara
|
0-0: Ball 1-0: Foul Ball, location: 2F 1-1: Hit by Pitch Shigem Kubo to second
|
|
Batting: RHB Cole Zelinski
|
0-0: Fly out, F8 (Flyball, 8LXD, EV 90.0 MPH)
|
| Bottom of the 3rd over - 1 run, 2 hits, 0 errors, 2 left on base; Miami 0 - Toronto 4 |
| TOP OF THE 4TH |
|
Miami Marlins batting - Pitching for Toronto Blue Jays : RHP Larry Legros
|
|
Batting: RHB Jimmy Groseclose
|
0-0: Foul Ball, location: 2F 0-1: Swinging Strike 0-2: Strikes out swinging
|
|
Batting: RHB Roger Salazar
|
0-0: Ball 1-0: Ball 2-0: Foul Ball, location: 2F 2-1: Ball 3-1: Foul Ball, location: 2F 3-2: Foul Ball, location: 2F 3-2: Strikes out swinging
|
|
Batting: RHB Justin Huff
|
0-0: Foul Ball, location: 2F 0-1: Swinging Strike 0-2: Foul Ball, location: 2F 0-2: Foul Ball, location: 2F 0-2: Ball 1-2: Foul Ball, location: 2F 1-2: Foul Ball, location: 2F 1-2: Strikes out swinging
|
| Top of the 4th over - 0 runs, 0 hits, 0 errors, 0 left on base; Miami 0 - Toronto 4 |
| BOTTOM OF THE 4TH |
|
Toronto Blue Jays batting - Pitching for Miami Marlins : RHP Jonah Syndergaard
|
|
Batting: RHB Tommy Mize
|
0-0: Ball 1-0: Ball 2-0: Ball 3-0: Base on Balls
|
|
Batting: RHB Jerry Jauregui
|
0-0: Swinging Strike 0-1: Ball 1-1: Ball 2-1: Called Strike 2-2: Strikes out swinging
|
|
Batting: LHB Jon Schick
|
0-0: Called Strike 0-1: Ball 1-1: Ball 2-1: Foul Ball, location: 2F 2-2: Foul Ball, location: 2F 2-2: Foul Ball, location: 2F 2-2: Strikes out looking
|
|
Batting: LHB Gabe White
|
0-0: Ball 1-0: Fielders Choice at 2nd, 6-4 (Groundball, 6, EV 104.4 MPH)
|
| Bottom of the 4th over - 0 runs, 0 hits, 0 errors, 1 left on base; Miami 0 - Toronto 4 |
| TOP OF THE 5TH |
|
Miami Marlins batting - Pitching for Toronto Blue Jays : RHP Larry Legros
|
|
Batting: RHB Seth Tramontano
|
0-0: Called Strike 0-1: Ball 1-1: Called Strike 1-2: Strikes out swinging
|
|
Batting: RHB Tommy Hughes
|
0-0: Swinging Strike 0-1: Swinging Strike 0-2: DOUBLE (Line Drive, 78D, EV 104.4 MPH)
|
|
Batting: RHB Eric Jordan
|
0-0: Ball 1-0: Called Strike 1-1: Ball 2-1: Foul Ball, location: 2F 2-2: Ball 3-2: Foul Ball, location: 2F 3-2: Strikes out swinging
|
|
Batting: RHB Jeff Garofalo
|
0-0: Foul Ball, location: 2F 0-1: Fly out, F7 (Flyball, 7LS, EV 74.4 MPH)
|
| Top of the 5th over - 0 runs, 1 hit, 0 errors, 1 left on base; Miami 0 - Toronto 4 |
| BOTTOM OF THE 5TH |
|
Toronto Blue Jays batting - Pitching for Miami Marlins : RHP Jonah Syndergaard
|
|
Batting: RHB Kirk Arp
|
0-0: Ball 1-0: Ball 2-0: Swinging Strike 2-1: Called Strike 2-2: Foul Ball, location: 2F 2-2: Ball 3-2: Ground out 6-3 (Groundball, 56, EV 103.8 MPH)
|
|
Batting: RHB Ruben Velasco
|
0-0: Ball 1-0: Called Strike 1-1: Ball 2-1: Ground out 4-3 (Groundball, 4, EV 88.1 MPH)
|
|
Batting: RHB Shigem Kubo
|
0-0: Swinging Strike 0-1: Ball 1-1: Ball 2-1: Foul Ball, location: 2F 2-2: Strikes out swinging, 2-3 out at first.
|
| Bottom of the 5th over - 0 runs, 0 hits, 0 errors, 0 left on base; Miami 0 - Toronto 4 |
| TOP OF THE 6TH |
|
Miami Marlins batting - Pitching for Toronto Blue Jays : RHP Larry Legros
|
|
Batting: RHB Micah Christopher
|
0-0: Called Strike 0-1: Hit by Pitch
|
|
Batting: LHB Andre Gorter
|
0-0: Foul Ball, location: 2F 0-1: Foul Ball, location: 2F 0-2: Foul Ball, location: 2F 0-2: Foul Ball, location: 2F 0-2: Ball 1-2: Ball 2-2: Strikes out swinging
|
|
Batting: RHB Jimmy Groseclose
|
0-0: Ball 1-0: Ball 2-0: Ball 3-0: Base on Balls Micah Christopher to second
|
|
Batting: RHB Roger Salazar
|
0-0: Foul Ball, location: 2F 0-1: Foul Ball, location: 2F 0-2: Strikes out looking
|
|
Batting: RHB Justin Huff
|
0-0: Fly out, F8 (Flyball, 8RS, EV 88.8 MPH)
|
| Top of the 6th over - 0 runs, 0 hits, 0 errors, 2 left on base; Miami 0 - Toronto 4 |
| BOTTOM OF THE 6TH |
|
Toronto Blue Jays batting - Pitching for Miami Marlins : RHP Jonah Syndergaard
|
|
Batting: LHB Yoshinari Nara
|
0-0: Foul Ball, location: 2F 0-1: Ground out 4-3 (Groundball, 4, EV 95.6 MPH)
|
|
Batting: RHB Cole Zelinski
|
0-0: Fly out, F8 (Line Drive, 8RD, EV 88.8 MPH)
|
|
Batting: RHB Tommy Mize
|
0-0: Foul Ball, location: 2F 0-1: Ground out 6-3 (Groundball, 6, EV 103.8 MPH)
|
| Bottom of the 6th over - 0 runs, 0 hits, 0 errors, 0 left on base; Miami 0 - Toronto 4 |
| TOP OF THE 7TH |
|
Miami Marlins batting - Pitching for Toronto Blue Jays : RHP Larry Legros
|
|
Batting: RHB Seth Tramontano
|
0-0: Foul Ball, location: 2F 0-1: Foul Ball, location: 2F 0-2: Ball 1-2: Ball 2-2: Foul Ball, location: 2F 2-2: Ground out 6-3 (Groundball, 6, EV 106.9 MPH)
|
|
Batting: RHB Tommy Hughes
|
0-0: SINGLE (Flyball, 56D, EV 81.2 MPH)
|
|
Batting: RHB Eric Jordan
|
0-0: Grounds into double play, 4-6-3 (Groundball, 4M, EV 88.8 MPH)
|
| Top of the 7th over - 0 runs, 1 hit, 0 errors, 0 left on base; Miami 0 - Toronto 4 |
| BOTTOM OF THE 7TH |
|
Toronto Blue Jays batting - Pitching for Miami Marlins : RHP Jonah Syndergaard
|
|
Batting: RHB Jerry Jauregui
|
0-0: Called Strike 0-1: Ball 1-1: Ball 2-1: Swinging Strike 2-2: Ball 3-2: Strikes out swinging
|
|
Batting: LHB Jon Schick
|
0-0: Ball 1-0: Foul Ball, location: 2F 1-1: Ball 2-1: Swinging Strike 2-2: Strikes out swinging
|
|
Batting: LHB Gabe White
|
0-0: Ball 1-0: Foul Ball, location: 2F 1-1: Ball 2-1: TRIPLE (Flyball, 89XD, EV 101.9 MPH)
|
|
Batting: RHB Kirk Arp
|
0-0: Called Strike 0-1: Foul Ball, location: 2F 0-2: SINGLE (Line Drive, 7LM, EV 100.0 MPH) Gabe White scores
|
|
Batting: RHB Ruben Velasco
|
0-0: Swinging Strike 0-1: Foul Ball, location: 2F 0-2: Ball 1-2: Foul Ball, location: 2F 1-2: Ball 2-2: Foul Ball, location: 2F 2-2: Fly out, F9 (Flyball, 9LM, EV 92.5 MPH)
|
| Bottom of the 7th over - 1 run, 2 hits, 0 errors, 1 left on base; Miami 0 - Toronto 5 |
| TOP OF THE 8TH |
|
Miami Marlins batting - Pitching for Toronto Blue Jays : RHP Larry Legros
|
|
Batting: RHB Jeff Garofalo
|
0-0: Ball 1-0: Ball 2-0: Fly out, F8 (Line Drive, 8RM, EV 89.4 MPH)
|
|
Batting: RHB Micah Christopher
|
0-0: Called Strike 0-1: Ball 1-1: Foul Ball, location: 2F 1-2: Fly out, F3 (Popup, 34, EV 64.4 MPH)
|
|
Batting: LHB Andre Gorter
|
0-0: Swinging Strike 0-1: Ball 1-1: Swinging Strike 1-2: SINGLE (Line Drive, 4MD, EV 110.6 MPH)
|
|
Batting: RHB Jimmy Groseclose
|
0-0: Ground out 4-3 (Groundball, 4, EV 90.6 MPH)
|
| Top of the 8th over - 0 runs, 1 hit, 0 errors, 1 left on base; Miami 0 - Toronto 5 |
| BOTTOM OF THE 8TH |
|
Toronto Blue Jays batting - Pitching for Miami Marlins : RHP Jonah Syndergaard
|
|
Batting: RHB Shigem Kubo
|
0-0: Swinging Strike 0-1: Fly out, F9 (Flyball, 89S, EV 91.9 MPH)
|
|
Batting: LHB Yoshinari Nara
|
0-0: Ball 1-0: Ball 2-0: Fly out, F6 (Popup, 6, EV 58.8 MPH)
|
|
Batting: RHB Cole Zelinski
|
0-0: SOLO HOME RUN (Flyball, 9LD, EV 91.9 MPH), Distance : 349 ft
|
|
Batting: RHB Tommy Mize
|
0-0: Fly out, F4 (Flyball, 34D, EV 92.5 MPH)
|
| Bottom of the 8th over - 1 run, 1 hit, 0 errors, 0 left on base; Miami 0 - Toronto 6 |
| TOP OF THE 9TH |
|
Miami Marlins batting - Pitching for Toronto Blue Jays : RHP Larry Legros
|
|
Pitching: RHP Alec Murphy
|
|
|
Batting: RHB Roger Salazar
|
0-0: Called Strike 0-1: Ball 1-1: Fly out, F8 (Flyball, 8RD, EV 95.6 MPH)
|
|
Pinch Hitting: SHB Matt Altieri
|
0-0: Called Strike 0-1: Foul Ball, location: 2F 0-2: Ball 1-2: Hit by Pitch
|
|
Batting: RHB Seth Tramontano
|
0-0: Swinging Strike 0-1: Ball 1-1: Ball 2-1: Fly out, F8 (Flyball, 8RS, EV 95.6 MPH)
|
|
Batting: RHB Tommy Hughes
|
0-0: SINGLE (Line Drive, 89M, EV 92.5 MPH) Matt Altieri to second
|
|
Batting: RHB Eric Jordan
|
0-0: Swinging Strike 0-1: Foul Ball, location: 2F 0-2: Strikes out swinging
|
| Top of the 9th over - 0 runs, 1 hit, 0 errors, 2 left on base; Miami 0 - Toronto 6 |
|